 Dungeon Crawl Stone Soup version 0.25.0-10-g039870ee82 (webtiles) character file.

Game seed: 13415316388048806673

39 Delamore the Chopper (level 3, -2/31 HPs)
             Began as a Hill Orc Monk on June 22, 2020.
             Slain by a gnoll
             ... wielding a +0 whip
              (6 damage)
             ... on level 2 of the Dungeon.
             The game lasted 00:01:45 (2413 turns).

Delamore the Chopper (Hill Orc Monk)                Turns: 2413, Time: 00:01:45

Health: -2/31      AC:  8    Str: 14    XL:     3   Next: 47%
Magic:  3/3        EV:  6    Int: 10    God:
Gold:   45         SH:  0    Dex: 13    Spells: 2/2 levels left

rFire    . . .     SeeInvis .   a - +0 hand axe
rCold    . . .     Gourm    .   (no shield)
rNeg     . . .     Faith    .   h - +0 chain mail
rPois    .         Spirit   .   (no helmet)
rElec    .         Reflect  .   (no cloak)
rCorr    .         Harm     .   (no gloves)
MR       .....                  (no boots)
Stlth    ..........             (no amulet)
HPRegen  0.10/turn              (no ring)
MPRegen  0.08/turn              (no ring)

@: flying
A: no striking features
a: no special abilities


You were on level 2 of the Dungeon.
You were near starving.

You visited 1 branch of the dungeon, and saw 2 of its levels.

You collected 45 gold pieces.

Inventory:

Hand Weapons
 a - a +0 hand axe (weapon)
Armour
 b - a +0 robe
 h - a +0 chain mail (worn)
Scrolls
 e - a scroll of teleportation {unknown}
 g - a scroll of noise {unknown}
 i - a scroll of immolation {unknown}
 j - a scroll of blinking {unknown}
 k - a scroll of remove curse {unknown}
 l - a scroll of identify {unknown}
Potions
 d - a potion of curing
 m - a potion of ambrosia
 n - a potion of flight
Comestibles
 c - 3 rations


   Skills:
 - Level 3.6 Fighting
 + Level 5.9 Axes
 - Level 2.4 Dodging
 - Level 1.5 Stealth


You had 2 spell levels left.
You didn't know any spells.
Your spell library was empty.

Dungeon Overview and Level Annotations

Branches:
Dungeon (2/15)

Altars:
Cheibriados
Makhleb


Message History

You feel less invigorated.
You feel less confused. The gnoll hits you with a +0 whip.
The gnoll hits you but does no damage. The gnoll hits you with a +0 halberd!
You barely miss the gnoll. You hit the gnoll.
The gnoll hits you but does no damage. The gnoll barely misses you.
Your chain mail prevents you from hitting the gnoll.
You completely miss the gnoll. The gnoll barely misses you.
The gnoll hits you with a +0 halberd!
* * * LOW HITPOINT WARNING * * *
The gnoll hits you but does no damage.
You hit the gnoll but do no damage. x2; The gnoll barely misses you.
The gnoll hits you with a +0 halberd.
* * * LOW HITPOINT WARNING * * *
The gnoll barely misses you.
Okay, then.
You closely miss the gnoll.
The gnoll is moderately wounded.
You hit the gnoll. The gnoll hits you with a +0 whip.
You die...

#.....)### ####.###
####.######
......(...#
###.......#
##.......# #####
#........######...#
##...........gg...#
#.......####.#@g.#
#..####.# #.##.##
#.<.g.g.# #.####
##'###### #_#
##...## ###
##.....## #2#
#.......## ###
.......<.#
.......).+


You could see 3 gnolls.

Vanquished Creatures
  A gnoll (D:1)
  A shadow imp (D:2)
  A worm (D:2)
  2 hobgoblins
  2 jackals (D:2)
  6 kobolds
  A bat (D:1)
  A frilled lizard (D:1)
  4 goblins
  2 rats
21 creatures vanquished.

Notes
Turn   | Place    | Note
-------+----------+-------------------------------------------
     0 | D:1      | Delamore the Hill Orc Monk began the quest for the Orb.
     0 | D:1      | Reached XP level 1. HP: 19/19 MP: 1/1
   515 | D:1      | Reached XP level 2. HP: 23/26 MP: 2/2
  1127 | D:2      | HP: 1/26 [shadow imp (4)]
  1130 | D:2      | Reached skill level 5 in Axes
  1634 | D:2      | Reached XP level 3. HP: 28/31 MP: 3/3
  1891 | D:2      | Found a snail-covered altar of Cheibriados.
  2400 | D:2      | Found a burning altar of Makhleb.
  2400 | D:2      | Noticed a blizzard demon
  2413 | D:2      | Slain by a gnoll

Illustrated notes

Levels and vault maps discovered:
D:1:      lemuel_arrival_muddy, layout_loops_ring,
          chequers_serial_rivers_micro_e, kennysheep_another_room,
          chequers_serial_rivers_marsh
D:2:      layout_loops_corners, old_standard_altar, makhleb_altar_promises_db

Skill      XL: |  1  2 |
---------------+-------+-----
Axes           | 5 |  5.9
Fighting       | |  3.6
Dodging        | |  2.4
Stealth        | |  1.5

Action                   || total
-------------------------++-------
Melee: Hand axe          ||    87
  Use: Potion            ||     4
 Stab: Sleeping          ||     3
  Eat: Chunk             ||     3
Armor: Robe              ||     9
       Chain mail        ||     4
Dodge: Dodged            ||    56
